 Dungeon Crawl Stone Soup version 0.27.1-3-gb3d3a73c9e (webtiles) character file.

Game seed: 15672040981261452408

809 pkoi the Carver (level 7, -1/57 HPs)
             Began as a Minotaur Fighter on Oct 19, 2021.
             Was an Initiate of Ru.
             Succumbed to a scorpion's poison
             ... on level 5 of the Dungeon.
             The game lasted 00:04:27 (4628 turns).

pkoi the Carver (Minotaur Fighter)                  Turns: 4628, Time: 00:04:28

Health: -1/57      AC:  8    Str: 22    XL:     7   Next: 61%
Magic:  6/6        EV:  8    Int:  5    God:    Ru [......]
Gold:   170        SH: 10    Dex: 10    Spells: 6/6 levels left

rFire    . . .     SeeInvis .   a - +0 long sword
rCold    . . .     Faith    .   c - +0 kite shield
rNeg     + . .     Spirit   .   b - +0 scale mail
rPois    .         Reflect  .   (helmet restricted)
rElec    .         Harm     .   h - +0 cloak
rCorr    .         Rampage  .   (no gloves)
Will     .....                  (no boots)
Stlth    ..........             (no amulet)
HPRegen  0.19/turn              k - ring of wizardry
MPRegen  0.10/turn              l - ring of positive energy

@: mighty, lethally poisoned (-1 -> -12)
A: horns 2, retaliatory headbutt
a: Renounce Religion


You were on level 5 of the Dungeon.
You worshipped Ru.
Ru was noncommittal.
You visited 1 branch of the dungeon, and saw 5 of its levels.

You collected 170 gold pieces.

Inventory:

Hand Weapons
 a - a +0 long sword (weapon)
Missiles
 n - 12 poisoned darts (quivered)
Armour
 b - a +0 scale mail (worn)
 c - a +0 kite shield (worn)
 h - a +0 cloak (worn)
Jewellery
 i - an amulet of faith
 k - a ring of wizardry (left hand)
 l - a ring of positive energy (right hand)
Scrolls
 e - 3 scrolls of identify
 f - a scroll of fear
 g - a scroll of teleportation
Potions
 j - a potion of curing


   Skills:
 - Level 3.6 Fighting
 * Level 8.8 Long Blades
 - Level 3.6 Armour
 + Level 6.9 Shields


You had 6 spell levels left.
You didn't know any spells.
Your spell library contained the following spells:

 Spells                   Type           Power      Damage    Failure   Level
 Magic Dart               Conj           0%         1d3       80%         1
 Blink                    Tloc           N/A        N/A       90%         2
 Call Imp                 Summ           0%         N/A       90%         2
 Mephitic Cloud           Conj/Pois/Air  0%         N/A       98%         3
 Manifold Assault         Tloc           0%         N/A       100%        5
 Storm Form               Tmut/Air       0%         N/A       100%        7


Dungeon Overview and Level Annotations

Branches:
Dungeon (5/15)
 Temple: D:4-7

Altars:
Gozag
Hepliaklqana
Qazlal
Ru
Vehumet


Innate Abilities, Weirdness & Mutations

You have a pair of horns on your head.
You reflexively headbutt those who attack you in melee.


Message History

The scorpion stings you!
You are poisoned.
The scorpion poisons you! The phantom misses you.
The scorpion stings you but does no damage.
You hit the scorpion but do no damage. Your headbutt misses the scorpion.
The scorpion is moderately wounded.
You feel very sick. The phantom hits you.
* * * LOW HITPOINT WARNING * * *
The phantom blinks!
You blink.
You barely miss the phantom.
The phantom is lightly damaged.
You feel sick. The phantom hits you.
* * * LOW HITPOINT WARNING * * *
You closely miss the phantom.
The phantom is lightly damaged.
You feel sick. The phantom hits you.
* * * LOW HITPOINT WARNING * * *
The phantom blinks!
You blink.
You feel sick.
You feel sick.
You feel sick.
You feel sick.
The scorpion stings you but does no damage.
You feel sick.
You are no longer poisoned.
The scorpion stings you.
* * * LOW HITPOINT WARNING * * *
You feel very mighty all of a sudden.
The scorpion stings you but does no damage.
You block the scorpion's attack.
You slash the scorpion!
The scorpion is severely wounded.
The scorpion stings you.
* * * LOW HITPOINT WARNING * * *
You are lethally poisoned!
The scorpion poisons you!
You hit the scorpion.
You kill the scorpion!
You die...

*,,,,,,,,,* ###.#....#...o...
*,,,,,,,,,* ##.....##.........
**,,,,,,,** #....###...o....##
**,,,,,** #..#ยง.##........s.
*******######.###..#.......#..
#......# ##..###....#..
#.####.# ##.##..##.#.. #.# #.#
##........#.. #.#
#@####..........,.
###########.#
##.##...##.........
......!..##.#
#oW##.###.........*
........>...# #.###W#
*,#...#.#,* ...........##
#.#...# *,*#....#**
...........#
#...###**,*#.#..#*
<..........#
####.........#...#*
...........# *.........*#....
........)..# *.........**##..


You could see a phantom and an orc.

Vanquished Creatures
  Pikel (D:4)
  3 lemures (D:4)
  A scorpion (D:5)
  A water moccasin skeleton (D:4)
  A hound (D:4)
  An iguana (D:4)
  A hound skeleton (D:4)
  Robin (D:4)
  7 gnolls (D:2)
  6 adders
  An adder skeleton (D:4)
  2 dart slugs
  6 orcs
  6 ball pythons
  6 bats
  6 endoplasms
  2 giant cockroaches
  13 goblins
  17 hobgoblins
  2 jackals (D:1)
  6 quokkas
  3 frilled lizards
  8 kobolds
  6 rats
107 creatures vanquished.

Vanquished Creatures (collateral kills)
  A frilled lizard (D:3)
1 creature vanquished.

Grand Total: 108 creatures vanquished

Notes
Turn   | Place    | Note
-------+----------+-------------------------------------------
     0 | D:1      | pkoi the Minotaur Fighter began the quest for the Orb.
     0 | D:1      | Reached XP level 1. HP: 19/19 MP: 0/0
   184 | D:1      | Reached skill level 3 in Long Blades
   272 | D:1      | Reached XP level 2. HP: 20/26 MP: 1/1
   756 | D:1      | Reached XP level 3. HP: 31/31 MP: 2/2
  1184 | D:2      | Reached skill level 4 in Long Blades
  1396 | D:2      | Reached XP level 4. HP: 21/39 MP: 3/3
  1836 | D:2      | Reached skill level 5 in Long Blades
  2537 | D:3      | Found a faded altar of an unknown god.
  2587 | D:3      | Found a radiant altar of Vehumet.
  2636 | D:3      | Reached XP level 5. HP: 39/45 MP: 4/4
  2863 | D:3      | Reached skill level 5 in Shields
  3032 | D:4      | Found an opulent altar of Gozag.
  3253 | D:4      | Noticed Robin
  3272 | D:4      | Killed Robin
  3336 | D:4      | Reached skill level 6 in Long Blades
  3555 | D:4      | Found a stormy altar of Qazlal.
  3709 | D:4      | Found a sacrificial altar of Ru.
  3709 | D:4      | Noticed a lemure
  3709 | D:4      | Noticed a lemure
  3709 | D:4      | Noticed a lemure
  3725 | D:4      | Killed a lemure
  3729 | D:4      | Noticed a lemure
  3731 | D:4      | Killed a lemure
  3738 | D:4      | Noticed Pikel
  3741 | D:4      | Killed a lemure
  3748 | D:4      | Killed Pikel
  3749 | D:4      | Reached skill level 8 in Long Blades
  3749 | D:4      | Reached XP level 6. HP: 35/51 MP: 5/5
  3749 | D:4      | Reached XP level 7. HP: 40/57 MP: 6/6
  3864 | D:4      | Became a worshipper of Ru the Awakened
  4009 | D:4      | Found a hazy altar of Hepliaklqana.
  4562 | D:5      | Entered Level 5 of the Dungeon
  4628 | D:5      | Succumbed to a scorpion's poison

Illustrated notes

Levels and vault maps discovered:
D:1:      mrwooster_arrival_statue_3, layout_basic
D:2:      layout_basic, serial_bayou_pond_c, grunt_decor_resistance,
          nrook_loot_triangle
D:3:      layout_rooms, mainiacjoe_overflow_chevrons,
          hellmonk_ecumenical_altar_crossroads, lemuel_another_geyser
D:4:      layout_loops_corners, worldfamousw_hep_ancestral_shrine,
          nicolae_gozag_seed_capital, nicolae_qazlal_general_emergency,
          hangedman_ru_absence, uniq_robin, uniq_pikel
D:5:      layout_rooms, okawaru_gym_becter, uniq_eustachio, uniq_grinder

Skill      XL: |  1  2  3  4  5 |
---------------+----------------+-----
Long Blades    | 3 4 5 8 |  8.8
Shields        | 4 6 |  6.9
Fighting       | |  3.6
Armour         | |  3.6

Action                   |  1- 3 |  4- 6 |  7- 9 || total
-------------------------+-------+-------+-------++-------
Melee: Long sword        |    89 |   151 |    65 ||   305
       Headbutt          |    11 |    33 |     8 ||    52
  Use: Scroll            |       |     1 |     6 ||     7
       Potion            |       |       |     1 ||     1
Armor: Scale mail        |    59 |    52 |    19 ||   130
Dodge: Dodged            |    34 |    44 |    14 ||    92
Block: Kite shield       |    61 |    68 |    29 ||   158
       Rpst.: Long sword |     5 |    11 |     3 ||    19
